 Dungeon Crawl Stone Soup version 0.29.1-15-g9cfb28693d (webtiles) character file.

Game seed: 11760748527927945535

5 kingofthe the Conjurer (level 1, 0/10 HPs)
             Began as a Deep Elf Conjurer on Mar 9, 2023.
             Slain by a goblin
             ... wielding a +0 club
              (3 damage)
             ... on level 1 of the Dungeon.
             The game lasted 00:00:28 (146 turns).

kingofthe the Conjurer (Deep Elf Conjurer)           Turns: 146, Time: 00:00:28

Health: 0/10       AC:  2    Str:  4    XL:     1   Next: 66%
Magic:  0/6        EV: 12    Int: 22    God:
Gold:   0          SH:  0    Dex: 13    Spells: 5/6 levels left

rFire   . . .      SeeInvis .   (no weapon)
rCold   . . .      Faith    .   (no shield)
rNeg    . . .      Spirit   .   a - +0 robe
rPois   .          Reflect  .   (no helmet)
rElec   .          Harm     .   (no cloak)
rCorr   .          Rampage  .   (no gloves)
Will    .....                   (no boots)
Stlth   ++........              (no amulet)
HPRegen 0.03/turn               (no ring)
MPRegen 0.10/turn               (no ring)

@: no status effects
A: no striking features
a: no special abilities


You were on level 1 of the Dungeon.
You visited 1 branch of the dungeon, and saw 1 of its levels.


   Skills:
 * Level 2.6 Dodging
 + Level 2.5 Stealth
 * Level 3.2 Spellcasting
 * Level 4.4 Conjurations


You had 5 spell levels left.
You knew the following spells:

 Your Spells              Type           Power      Damage    Failure   Level
a - Magic Dart            Conj           92%        1d7       1%          1

Your spell library contained the following spells:

 Spells                   Type           Power      Damage    Failure   Level
 Searing Ray              Conj           46%        2d6       3%          2
 Dazzling Flash           Conj/Hex       26%        N/A       14%         3
 Fulminant Prism          Conj/Hex       6%         3d7       43%         4
 Iskenderun's Mystic Bla  Conj/Tloc      13%        2d5       43%         4

Inventory:

Armour
 a - a +0 robe (worn)
Potions
 b - a potion of magic
 c - a potion of heal wounds {unknown}
 d - a potion of degeneration {unknown}

Dungeon Overview and Level Annotations

Branches:
Dungeon (1/15)

Altars:

§§#≈.≈#≈§≈# #≈≈≈#≈≈≈#≈≈
≈§#.≈≈#≈§§## #≈≈≈#≈≈≈#≈≈
≈≈#≈.§#≈§§§### ##≈≈≈≈#≈≈≈#≈≈
≈≈≈.≈.#≈§≈§≈≈#######≈≈≈≈≈≈#≈≈≈≈≈≈
...≈≈≈.≈§≈≈≈§§≈..P≈≈≈≈≈≈
......≈≈≈§≈≈≈≈≈PPP≈≈≈≈≈≈
##.......§..≈§≈.P.≈≈≈...
#####..................
######.....@.....# ######g######
........# ........† ░...░..#†.
..# ... ... . #.#. .... ....
..... ..░.. ....#.


You could see a goblin.


Message History

The jackal is lightly wounded.
You are out of magic!
You are out of magic!
The jackal barely misses you.
You hit the jackal but do no damage.
The jackal is lightly wounded.
The jackal bites you. The jackal closely misses you.
You hit the jackal but do no damage.
The jackal is lightly wounded.
The jackal bites you. The goblin hits you with a +0 club.
* * * LOW HITPOINT WARNING * * *
You hit the jackal.
The jackal is moderately wounded.
The jackal bites you but does no damage.
The goblin closely misses you. The jackal misses you.
You are too injured to fight recklessly!
You are too injured to fight recklessly!
Casting: Magic Dart (safe; 1% risk of failure)
Confirm with . or Enter, or press ? or * to list all spells.
Aiming: Magic Dart (safe; 1% risk of failure)
Press: ? - help, Shift-Dir - straight line, f/p - jackal
Aim: a jackal (moderately wounded, 100% to hit)
The magic dart hits the jackal.
You kill the jackal!
You closely miss the goblin. The goblin misses you.
You hit the goblin.
The goblin is moderately wounded.
The goblin hits you with a +0 club.
You die...

Action                   || total
-------------------------++-------
Melee: Unarmed           ||     5
 Cast: Magic Dart        ||     7
Armor: Robe              ||     1
Dodge: Dodged            ||     5

Levels and vault maps discovered:
D:1:      dpeg_arrival_water_fire, layout_basic,
          shapermc_ecumenical_altar_mp_highgroup, serial_bayou_lagoon_a,
          chequers_arboretum, minmay_misc_feat_four_crosses, st_stairs_12

Notes
Turn   | Place    | Note
-------+----------+-------------------------------------------
     0 | D:1      | kingofthe the Deep Elf Conjurer began the quest for the
                  | Orb.
     0 | D:1      | Reached XP level 1. HP: 10/10 MP: 6/6
   146 | D:1      | Slain by a goblin

Vanquished Creatures
  A hobgoblin (D:1)
  3 jackals (D:1)
4 creatures vanquished.

Table legend: (Time is in decaauts)
 A = Elapsed time spent in this place.
 B = Non-inter-level travel time spent in this place.
 C = Inter-level travel time spent in this place.
 D = Time resting spent in this place.
 E = Time spent auto-exploring this place.
 F = Levels seen in this place.
 G = Mean time per level.
                   A        B        C        D        E       F      G
               +--------+--------+--------+--------+--------+-----+--------+
         Total |    146 |    146 |      0 |      0 |    129 |   1 |  146.0 |
       Dungeon |    146 |    146 |      0 |      0 |    129 |   1 |  146.0 |
               +--------+--------+--------+--------+--------+-----+--------+

Top non-repeatable levels by time:
     D:1: 146 daAuts

Table legend:
 A = Non-vault XP
 B = Vault XP
 C = Vault XP percentage of total XP
 D = Non-vault monster count
 E = Vault monster count
 F = Vault count percentage of total count
                 A         B        C        D         E       F
            +---------+---------+-------+---------+---------+-------
      Total |       8 |       0 |   0.0 |       4 |       0 |   0.0
            +---------+---------+-------+---------+---------+-------
        D:1 |       8 |       0 |   0.0 |       4 |       0 |   0.0
            +---------+---------+-------+---------+---------+-------
